 Dungeon Crawl Stone Soup version 0.20.1-1-g8b1a95d (console) character file.

8377 hilaritas the Cleaver (level 11, -33/99 HPs)
             Began as a Hill Orc Fighter on July 29, 2017.
             Was a Priest of Beogh.
             Annihilated by a titanic slime creature (78 damage)
             ... on level 10 of the Dungeon.
             The game lasted 00:22:07 (9694 turns).

hilaritas the Cleaver (Hill Orc Fighter)            Turns: 9694, Time: 00:22:08

Health: -33/99     AC: 13    Str: 28    XL:     11   Next: 29%
Magic:  17/17      EV:  7    Int:  8    God:    Beogh [***...]
Gold:   788        SH: 13    Dex: 10    Spells: 10/10 levels left

rFire    . . .     SeeInvis .   E - +1 war axe (curse)
rCold    . . .     Gourm    .   c - +1 shield
rNeg     . . .     Faith    .   g - -2 chain mail (curse)
rPois    .         Spirit   .   G - +0 helmet
rElec    .         Reflect  .   (no cloak)
rCorr    .         Harm     .   e - +1 pair of gloves
MR       .....                  (no boots)
Stlth    ..........             C - amulet of regeneration
Regen    0.7/turn               (no ring)
MPRegen  0.2/turn               (no ring)

@: mighty
A: no striking features
a: Smiting, Renounce Religion


You were on level 10 of the Dungeon.
You worshipped Beogh.
Beogh was most pleased with you.
You were not hungry.

You visited 1 branch of the dungeon, and saw 10 of its levels.

You collected 788 gold pieces.

Inventory:

Hand Weapons
 a - a +0 war axe
 k - a +1 whip of draining
 E - a cursed +1 war axe (weapon)
 I - the +11 broad axe of Indignation {distort, +Rage rF+ MR+ Str+3, unknown}
   (You acquired it on level 10 of the Dungeon)

   It warps and distorts space around it.
   Unwielding it can cause banishment or high damage.
   It affects your strength (+3).
   It protects you from fire.
   It affects your resistance to hostile enchantments.
   It lets you go berserk.
Missiles
 t - 9 javelins (quivered)
Armour
 c - a +1 shield (worn)
 e - a +1 pair of gloves (worn)
 g - a cursed -2 chain mail (worn)
 o - a +0 chain mail
 G - a +0 helmet (worn)
Jewellery
 i - an uncursed amulet of harm
 C - an amulet of regeneration (around neck)
Wands
 j - a wand of paralysis (10/24)
 r - a wand of digging (5/24)
 y - a wand of random effects (48/48)
 A - a wand of flame (27/48)
Scrolls
 h - a scroll of amnesia
 p - a scroll of fog
 s - 5 scrolls of identify
 w - a scroll of enchant armour
 x - 6 scrolls of teleportation
 B - 3 scrolls of magic mapping
Potions
 b - a potion of ambrosia {unknown}
 d - 5 potions of flight
 n - a potion of curing
 v - 2 potions of brilliance
 D - a potion of magic {unknown}
 F - 2 potions of heal wounds
 H - a potion of haste {unknown}
Books
 l - a book of Misfortune

   Spells                             Type                      Level
   a - Confusing Touch                Hexes                        1
   b - Confuse                        Hexes                        3
   c - Gell's Gravitas                Translocation                3
   d - Petrify                        Transmutation/Earth          4
   e - Metabolic Englaciation         Hexes/Ice                    5
   f - Yara's Violent Unravelling     Hexes/Transmutation          5
 m - a book of Necromancy

   Spells                             Type                      Level
   a - Pain                           Necromancy                   1
   b - Animate Skeleton               Necromancy                   1
   c - Vampiric Draining              Necromancy                   3
   d - Regeneration                   Charms/Necromancy            3
   e - Animate Dead                   Necromancy                   4
   f - Control Undead                 Necromancy                   4
Comestibles
 f - 6 bread rations
 q - 13 royal jellies
 u - 6 meat rations


   Skills:
 - Level 10.0 Fighting
 - Level 10.0 Axes
 + Level 9.4 Armour
 + Level 10.0 Shields
 * Level 8.7 Invocations


You had 10 spell levels left.
You didn't know any spells.

Dungeon Overview and Level Annotations

Branches:
Dungeon (10/15)            Temple (0/1) D:6            Lair (0/6) D:9
    Orc (0/2) D:10

Altars:
Ashenzari
Hepliaklqana
Kikubaaqudgha
Nemelex Xobeh
Okawaru
Trog
Xom
Yredelemnul


Message History

The enormous slime creature hits you!!
You hit the enormous slime creature.
The enormous slime creature is moderately wounded.
Two slime creatures merge to form a titanic slime creature.
You hit the titanic slime creature.
The titanic slime creature is moderately wounded.
You slash the titanic slime creature!
The titanic slime creature is moderately wounded.
You block the titanic slime creature's attack.
You slice the titanic slime creature!!
The titanic slime creature is moderately wounded.
The titanic slime creature hits you!
You completely miss the titanic slime creature.
The titanic slime creature is moderately wounded.
You block the titanic slime creature's attack.
You slash the titanic slime creature!
The titanic slime creature is heavily wounded.
The titanic slime creature hits you!!!!
Ouch! That really hurt!
You die...

.. #J ###
#.##.. .S#>#
### #.#.# #<#
#.J.# #.# #.)#
#.# #..#####.#
##..SJ@..#
#..######
.........>...#
#######...##.#
##.## .. #.#
.. ..#


You could see a titanic slime creature and an adder.

Vanquished Creatures
  2 two-headed ogres
  The ghost of Shiggs the Destroyer, a novice NaFE of Vehumet (D:8)
  Grinder (D:3)
  3 hornets
  A hippogriff (D:9)
  4 yaks (D:9)
  A basilisk (D:9)
  3 hungry ghosts
  2 soldier ants (D:8)
  A water moccasin (D:9)
  2 sky beasts
  An ice beast (D:5)
  A black bear (D:6)
  A phantom (D:8)
  A boggart (D:6)
  2 ogres
  9 centaurs
  2 crocodiles
  A big kobold (D:7)
  7 bullfrogs
  A wyvern skeleton (D:6)
  A scorpion (D:7)
  4 wights (D:7)
  9 killer bees (D:9)
  3 vampire bats (D:7)
  3 bullfrog zombies
  A crimson imp (D:5)
  A quasit (D:5)
  3 hounds
  3 jellies
  4 orc wizards
  3 bullfrog skeletons
  An orc priest (D:7)
  A gnoll shaman (D:4)
  8 worker ants
  3 iguanas
  Ijyb (D:4)
  2 worker ant zombies
  9 gnolls (D:4)
  A howler monkey skeleton (D:6)
  13 adders
  2 shadow imps
  An ooze (D:6)
  An adder zombie (D:8)
  3 adder skeletons
  A worm (D:3)
  3 leopard geckos
  24 orcs
  8 bats
  3 bat skeletons (D:7)
  3 bat zombies (D:7)
  A giant cockroach (D:5)
  19 goblins
  13 hobgoblins
  6 jackals
  3 quokkas
  6 frilled lizards
  A jackal skeleton (D:5)
  12 kobolds
  2 quokka zombies
  7 rats
240 creatures vanquished.

Vanquished Creatures (others)
  2 orcs (D:4)
  A leopard gecko skeleton (D:4)
3 creatures vanquished.

Grand Total: 243 creatures vanquished

Notes
Turn   | Place    | Note
-------+----------+-------------------------------------------
     0 | D:1      | hilaritas the Hill Orc Fighter began the quest for the Orb.
     0 | D:1      | Reached XP level 1. HP: 19/19 MP: 1/1
   450 | D:1      | Reached XP level 2. HP: 26/26 MP: 2/2
  1113 | D:2      | Reached XP level 3. HP: 31/31 MP: 3/3
  1268 | D:2      | Reached skill level 5 in Axes
  1467 | D:2      | Reached XP level 4. HP: 39/39 MP: 4/4
  2560 | D:3      | Found a basalt altar of Yredelemnul.
  2593 | D:3      | Reached XP level 5. HP: 45/45 MP: 5/5
  2615 | D:3      | Noticed Grinder
  2623 | D:3      | Killed Grinder
  2623 | D:3      | Reached XP level 6. HP: 35/51 MP: 6/6
  3539 | D:4      | Reached XP level 7. HP: 45/57 MP: 7/7
  3549 | D:4      | Noticed Ijyb
  3553 | D:4      | Reached skill level 10 in Axes
  3555 | D:4      | Paralysed by Ijyb for 2 turns
  3559 | D:4      | Paralysed by Ijyb for 2 turns
  3565 | D:4      | Killed Ijyb
  3685 | D:4      | Found a shimmering altar of Xom.
  3766 | D:4      | Became a worshipper of Beogh the Brigand
  3862 | D:4      | Reached skill level 1 in Invocations
  4459 | D:5      | Entered Level 5 of the Dungeon
  4577 | D:5      | Reached XP level 8. HP: 31/67 MP: 8/10
  4927 | D:5      | Reached skill level 5 in Fighting
  5211 | D:5      | Reached * piety under Beogh
  5353 | D:5      | Reached skill level 5 in Shields
  5480 | D:5      | Reached skill level 5 in Armour
  5558 | D:5      | Found a shattered altar of Ashenzari.
  5591 | D:5      | Found a sparkling altar of Nemelex Xobeh.
  5598 | D:5      | Found a hazy altar of Hepliaklqana.
  5757 | D:6      | Reached XP level 9. HP: 37/78 MP: 12/12
  6069 | D:6      | Found a staircase to the Ecumenical Temple.
  6438 | D:7      | Reached skill level 5 in Invocations
  6440 | D:7      | Reached ** piety under Beogh
  6533 | D:7      | Found a bloodstained altar of Trog.
  7025 | D:7      | Found an ancient bone altar of Kikubaaqudgha.
  7298 | D:8      | Noticed Shiggs's ghost (novice NaFE)
  7328 | D:7      | Reached XP level 10. HP: 82/91 MP: 14/14
  7367 | D:8      | Killed Shiggs's ghost
  7367 | D:8      | Reached skill level 10 in Fighting
  7594 | D:8      | Paralysed by a hornet for 3 turns
  7756 | D:8      | Noticed a two-headed ogre
  7769 | D:8      | HP: 1/93 [two-headed ogre/giant club (10)]
  7770 | D:8      | Killed a two-headed ogre
  8180 | D:9      | Reached XP level 11. HP: 32/99 MP: 17/17
  8308 | D:9      | Found a staircase to the Lair.
  8335 | D:9      | Paralysed by a hornet for 3 turns
  8533 | D:9      | Noticed a two-headed ogre
  8551 | D:9      | Killed a two-headed ogre
  9086 | D:9      | Found an iron altar of Okawaru.
  9388 | D:9      | Reached *** piety under Beogh
  9398 | D:9      | Reached skill level 10 in Shields
  9655 | D:10     | Entered Level 10 of the Dungeon
  9658 | D:10     | Identified a scroll of acquirement
  9659 | D:10     | Got an ichor-stained broad axe
  9666 | D:10     | Found a staircase to the Orcish Mines.
  9694 | D:10     | Annihilated by a titanic slime creature

Skill      XL: |  1  2  3  4  5  6  7  8  9 10 11 |
---------------+----------------------------------+-----
Axes           | 3 4 5 6 8 9 10 | 10.0
Fighting       | 4 6 9 10 | 10.0
Invocations    | 2 4 6 8 |  8.7
Armour         | 4 5 6 8 9 |  9.4
Shields        | 4 5 6 9 10 | 10.0

Action                   |  1- 3 |  4- 6 |  7- 9 | 10-12 || total
-------------------------+-------+-------+-------+-------++-------
Melee: War axe           |    93 |   146 |   513 |   295 ||  1047
Throw: Javelin           |       |       |     4 |     3 ||     7
Invok: Convert to Beogh  |       |       |     1 |       ||     1
       Smiting           |       |       |     1 |     4 ||     5
  Use: Potion            |       |     2 |       |     7 ||     9
       Scroll            |       |     8 |     1 |     4 ||    13
  Eat: Chunk             |     2 |     6 |    14 |     5 ||    27
       Fruit             |       |       |     3 |     3 ||     6
       Royal jelly       |       |       |       |     2 ||     2
       Bread ration      |       |       |       |     1 ||     1
Armor: Scale mail        |    47 |    61 |    16 |       ||   124
       Chain mail        |       |       |   219 |   178 ||   397
       Skin              |       |       |       |    18 ||    18
Dodge: Dodged            |    27 |    55 |    83 |    90 ||   255
Block: Shield            |    57 |    70 |   289 |   250 ||   666
